 Dungeon Crawl Stone Soup version 0.31-a0-1338-gb567cfdca4 (webtiles) character file.

Game seed: 8636481082454224519

93119 Sobieck the Sorcerer (level 15, -14/80 HPs)
             Began as a Deep Elf Conjurer on Dec 21, 2023.
             Was the Champion of Vehumet.
             Shot with a bolt by a yaktaur captain (27 damage)
             ... on level 14 of the Dungeon on Dec 22, 2023.
             The game lasted 01:22:41 (27806 turns).

Sobieck the Sorcerer (Deep Elf Conjurer)           Turns: 27806, Time: 01:22:41

Health: -14/80     AC: 11    Str:  4    XL:     15   Next: 59%
Magic:  42/42      EV: 21    Int: 34    God:    Vehumet [******]
Gold:   730        SH:  5    Dex: 16    Spells: 16/56 levels left

rFire   . . .        Y - staff of conjuration
rCold   . . .        (no shield)
rNeg    . . .        w - +4 leather armour "Siraped" {*Corrode rPois Will++ Int+3}
rPois   +            B - +0 hat
rElec   .            K - +0 cloak
rCorr   +            C - +0 pair of gloves
SInv    .            e - +1 pair of boots
Will    +++..        k - amulet of reflection
Stlth   ++           N - ring of wizardry
HPRegen 0.33/turn    A - ring "Todwugaesch" {rCorr EV+5 Dex+3}
MPRegen 0.28/turn

%: corrode self (3%), reflection, wizardry (x1)
@: no status effects
A: no striking features
a: Renounce Religion


You were on level 14 of the Dungeon.
You worshipped Vehumet.
Vehumet was exalted by your worship.
You visited 3 branches of the dungeon, and saw 21 of its levels.

You collected 2550 gold pieces.
You spent 1820 gold pieces at shops.

Inventory:

Hand Weapons
 o - the +1 war axe "Oseko" {heavy, Int+3 Dex+4 SInv}
   (You found it on level 3 of the Dungeon)

   Int+3:     It affects your intelligence (+3).
   Dex+4:     It affects your dexterity (+4).
   SInv:      It lets you see invisible.
Missiles
 F - a curare-tipped dart
 Z - 2 throwing nets
Armour
 e - a +1 pair of boots (worn)
 v - a +0 robe of cold resistance
 w - the +4 leather armour "Siraped" (worn) {*Corrode rPois Will++ Int+3}
   (You found it on level 4 of the Dungeon)

   Int+3:     It affects your intelligence (+3).
   rPois:     It protects you from poison Will++: It greatly increases your
   willpower.
   *Corrode:  It may corrode you when you take damage.
 B - a +0 hat (worn)
 C - a +0 pair of gloves (worn)
 K - a +0 cloak (worn)
 P - a +2 buckler
Magical Staves
 I - a staff of fire
 Y - a staff of conjuration (weapon)
Jewellery
 c - a ring of protection from cold
 k - an amulet of reflection (around neck)
 l - a ring of ice
 m - a ring of willpower
 r - an amulet of regeneration
 x - a ring of flight
 A - the ring "Todwugaesch" (right hand) {rCorr EV+5 Dex+3}
   (You found it on level 5 of the Lair of Beasts)

   [ring of evasion]

   EV+5:      It affects your evasion (+5).
   Dex+3:     It affects your dexterity (+3).
   rCorr:     It protects you from acid and corrosion.
 J - a ring of fire
 N - a ring of wizardry (left hand)
 V - a ring of protection from cold
 X - an amulet of the acrobat
Wands
 d - a wand of light (7)
 u - a wand of polymorph (9)
 L - a wand of mindburst (24)
 M - a wand of roots (15)
Scrolls
 a - a scroll of fog
 b - 3 scrolls of blinking
 g - 3 scrolls of noise
 i - 3 scrolls of enchant weapon
 y - 2 scrolls of amnesia
 E - 2 scrolls of vulnerability
 G - a scroll of revelation
 R - 3 scrolls of identify
 T - 9 scrolls of teleportation
 W - a scroll of butterflies
Potions
 f - 2 potions of resistance
 h - 5 potions of heal wounds
 j - 5 potions of might
 n - 2 potions of berserk rage
 p - 4 potions of mutation
 q - 9 potions of ambrosia
 s - a potion of attraction
 t - 8 potions of lignification
 z - a potion of invisibility
 D - 2 potions of enlightenment
 H - 6 potions of haste
 Q - 10 potions of curing
 S - a potion of brilliance
Miscellaneous
 O - a condenser vane
 U - a phial of floods


   Skills:
 - Level 4.0 Fighting
 - Level 10.0 Dodging
 - Level 3.0 Stealth
 - Level 21.0 Spellcasting
 - Level 16.0 Conjurations
 - Level 9.0 Hexes
 - Level 8.0 Summonings
 - Level 4.0 Translocations
 - Level 5.0 Fire Magic
 + Level 7.9 Ice Magic
 - Level 5.0 Air Magic
 - Level 7.0 Earth Magic


You had 16 spell levels left.
You knew the following spells:

 Your Spells              Type           Power      Damage    Failure   Level
a - Magic Dart            Conj           100%       1d8       0%          1
b - Searing Ray           Conj           100%       2d8       0%          2
d - Iskenderun's Mystic   Conj/Tloc      100%       2d19      1%          4
e - Lee's Rapid Deconstr  Erth           35%        3d18*     1%          5
f - Airstrike             Air            31%        2d(5-21)  1%          4
h - Fulminant Prism       Conj/Alch      47%        3d21      1%          4
i - Lehudib's Crystal Sp  Conj/Erth      53%        10d13     9%          8
A - Spellforged Servitor  Conj/Summ      54%        N/A       1%          7
B - Fireball              Conj/Fire      51%        3d20      1%          5

Your spell library contained the following spells:

 Spells                   Type           Power      Damage    Failure   Level
 Bombard                  Conj/Erth      53%        9d9       1%          6
 Lesser Beckoning         Tloc           100%       N/A       1%          2
 Mercury Vapours          Alch/Air       100%       N/A       1%          2
 Gell's Gravitas          Tloc           58%        N/A       1%          3
 Inner Flame              Hex/Fire       70%        N/A       1%          3
 Mephitic Cloud           Conj/Alch/Air  90%        N/A       1%          3
 Teleport Other           Tloc           58%        N/A       1%          3
 Flame Wave               Conj/Fire      100%       2d21      1%          4
 Passage of Golubria      Tloc           58%        N/A       1%          4
 Vhi's Electric Charge    Tloc/Air       100%       N/A       1%          4
 Arcjolt                  Conj/Air       51%        1d61      1%          5
 Freezing Cloud           Conj/Ice/Air   50%        6-21      1%          5
 Silence                  Hex/Air        35%        N/A       1%          5
 Sticky Flame             Fire/Alch      51%        2d9       2%          4
 Ozocubu's Refrigeration  Ice            37%        4d15      5%          7
 Simulacrum               Ice/Necr       29%        N/A       19%         6
 Maxwell's Capacitive Co  Air            31%        ∞         67%         8
 Polar Vortex             Ice            37%        12d4*     98%         9


Dungeon Overview and Level Annotations

Branches:
Dungeon (14/15)            Temple (0/1) D:5            Lair (5/5) D:9
  Swamp (0/4) Lair:2       Spider (0/4) Lair:3        Slime (0/5) Lair:5
    Orc (2/2) D:10            Elf (0/3) Orc:2        Vaults (0/5) D:13

Altars:
Ashenzari
Cheibriados
Dithmenos
Elyvilon
Fedhas
Makhleb
Nemelex Xobeh
Okawaru
Qazlal
Ru
Sif Muna
Vehumet
Wu Jian
Xom
Zin
Jiyva

Shops:
D:1 [   Orc:2 !!:(

Annotations:
D:6 2 transporters, TransRights's ghost, novice MiBe
D:10 3 runed translucent doors, Sirjeffry24's ghost, novice DrSh
Orc:1 1 runed translucent door, runemasterragnar's ghost, journeyman DsAl


Message History

Unknown command.
Unknown command.
Unknown command.
Danger!
Your spellforged servitor gestures at the fire giant while chanting.
The crystal spear hits the fire giant!!
The fire giant hits your spellforged servitor with a +1 great sword of flaming!
You hear a horrible gurgling sound!
Unknown command.
The fire giant misses your spellforged servitor.
Unknown command.
Your spellforged servitor casts a spell at the fire giant.
The crystal spear hits the fire giant!!!
The fire giant hits your spellforged servitor with a +1 great sword of flaming!
You hear a horrible gurgling sound!
Unknown command.
You hear a horrible gurgling sound!
The fire giant hits your spellforged servitor but does no damage.
Unknown command.
Your spellforged servitor casts a spell at the fire giant.
The crystal spear hits the fire giant!!!
The fire giant dies!
Vehumet accepts your kill.
You hear a horrible gurgling sound! x3
Unknown command.
Unknown command.
Unknown command.
Unknown command.
You start resting.
Magic restored.
There is an open door, spattered with blood here.
You see here a +1 great sword of flaming.
A yaktaur captain comes into view.
You see here an ugly thing corpse.
Danger!
You swap places.
The yaktaur captain wields a +0 arbalest.
The yaktaur captain shoots a bolt.
The bolt hits you!!
You see here an ugly thing corpse.
Unknown command.
The yaktaur captain shoots a bolt.
The bolt hits you!!
* * * LOW HITPOINT WARNING * * *
A green ugly thing comes into view.
Your spellforged servitor gestures at the yaktaur captain while chanting.
The crystal spear hits the yaktaur captain!!
The green ugly thing gurgles horribly!
Unknown command.
You hear a horrible gurgling sound! x2
The yaktaur captain shoots a bolt.
The bolt hits you!!
You die...

+.... #?...
####...##+######
#[.....#.......#
#....!.#<......#
#......#.......#
#......##)######.
#......†@.....u..
#.....†#+#+######
.....9..#
#.......#
#.......#
#..c....#
#.......#
#.......#


You could see a yaktaur captain (ally target), a green ugly thing and a friendly
spellforged servitor (summoned).

Vanquished Creatures
  Gastronok (D:9)
  An orc warlord (Orc:2)
  Nessos (Lair:4)
  An ettin (Orc:2)
  2 hydras
  Fannar (Orc:1)
  2 two-headed ogres
  A centaur warrior (D:13)
  An ogre mage (Orc:2)
  3 catoblepae
  7 death yaks
  Urug (D:10)
  A skyshark (Lair:4)
  Amaemon (Lair:1)
  Nergalle (Lair:1)
  A deep troll (Orc:2)
  A deep elf archer (D:13)
  An arcanist (D:13)
  An orc knight (Orc:2)
  An orc sorcerer (Orc:1)
  A cyclops (D:11)
  2 manticores (D:11)
  6 black mambas
  17 elephants
  A torpor snail (Lair:1)
  An orange demon (Lair:1)
  17 cane toads
  2 gargoyles
  6 rime drakes
  Jeremiah (D:7)
  13 komodo dragons
  3 unseen horrors
  A yaktaur (D:13)
  4 trolls
  4 hornets (Lair:5)
  4 polar bears (Lair:5)
  A dream sheep (Lair:5)
  12 blink frogs
  4 slime creatures
  A culicivora (Lair:3)
  4 jumping spiders (Lair:3)
  20 spriggans
  3 wraiths
  A wyvern (Lair:3)
  A shadow (D:10)
  2 basilisks
  A vampire (D:11)
  A human (D:13)
  24 yaks
  A redback (Lair:3)
  A warg (Orc:2)
  A steam dragon (D:7)
  2 vampire mosquitoes (D:12)
  2 swamp worms (Lair:2)
  Duvessa (D:4)
  18 orc warriors
  11 water moccasins
  A sky beast (D:4)
  3 ice beasts
  4 black bears
  12 ogres
  4 boggarts (Lair:5)
  29 wolves
  7 centaurs
  A phantom (D:6)
  2 kobold brigands
  10 bullfrogs
  6 gnoll sergeants
  7 scorpions
  Dowan (D:4)
  9 wights
  14 killer bees
  2 electric eels (D:9)
  3 howler monkeys
  A gnoll bouda (D:5)
  17 jellies
  6 hounds
  14 orc priests
  7 hell rats (Lair:4)
  4 iguanas
  2 sleepcaps
  Natasha (thrice) (D:4)
  28 orc wizards
  A nameless horror (Orc:2)
  32 gnolls
  5 adders
  4 river rats (D:3)
  A shadow imp (D:7)
  4 ufetubi
  A worm (D:2)
  2 dart slugs
  52 orcs
  18 endoplasms
  7 giant cockroaches
  8 goblins
  10 hobgoblins
  4 jackals (D:3)
  17 kobolds
  3 quokkas
  11 ball pythons
  5 bats
  6 frilled lizards
  3 rats
616 creatures vanquished.

Vanquished Creatures (collateral kills)
  A fire giant (D:14)
  2 ogre magi
  A hydra (D:13)
  3 vault guards (D:13)
  4 boulder beetles
  9 two-headed ogres
  A deep troll (Orc:2)
  2 orc knights (D:13)
  4 cyclopes
  2 orc sorcerers (Orc:2)
  5 ugly things
  2 kobold blastminers (Orc:2)
  A gargoyle (D:13)
  2 yaktaurs (D:13)
  8 trolls
  3 meliai (D:13)
  A queen bee (D:13)
  6 slime creatures
  2 basilisks (D:12)
  4 vampire mosquitoes (D:12)
  6 orc warriors
  10 ogres (Orc:2)
  A centaur (D:12)
  A nameless horror (Orc:2)
  13 killer bees (D:13)
  5 orc priests (D:12)
  2 orc wizards (D:12)
  20 orcs
121 creatures vanquished.

Vanquished Creatures (others)
  372 fulminant prisms
372 creatures vanquished.

Grand Total: 1109 creatures vanquished

Notes
Turn   | Place    | Note
-------+----------+-------------------------------------------
     0 | D:1      | Sobieck the Deep Elf Conjurer began the quest for the Orb.
     0 | D:1      | Reached XP level 1. HP: 10/10 MP: 6/6
     1 | D:1      | Noticed an electric eel
    31 | D:1      | Found Vonysub's Armour Emporium.
   159 | D:1      | Found a faded altar of an unknown god.
   177 | D:1      | Reached skill level 1 in Hexes
   234 | D:1      | Reached XP level 2. HP: 15/15 MP: 6/8
   240 | D:1      | Learned a level 2 spell: Searing Ray
   929 | D:2      | Reached XP level 3. HP: 19/19 MP: 8/10
  1064 | D:2      | Reached skill level 4 in Spellcasting
  1456 | D:2      | Reached XP level 4. HP: 23/24 MP: 8/12
  1885 | D:3      | Identified the +1 war axe "Oseko" {heavy, Int+3 Dex+4 SInv}
  1947 | D:3      | Found a stormy altar of Qazlal.
  2067 | D:3      | Found a glowing silver altar of Zin.
  2232 | D:3      | Found a shimmering blue altar of Sif Muna.
  2336 | D:3      | Found a blossoming altar of Fedhas.
  2336 | D:3      | Found a shimmering altar of Xom.
  2336 | D:3      | Found a burning altar of Makhleb.
  2336 | D:3      | Found an ornate altar of the Wu Jian Council.
  2336 | D:3      | Found an iron altar of Okawaru.
  2336 | D:3      | Found an ornate altar of the Wu Jian Council.
  2347 | D:3      | Reached skill level 3 in Hexes
  2356 | D:3      | Reached XP level 5. HP: 28/28 MP: 3/14
  2606 | D:3      | Noticed an ogre
  2618 | D:3      | Killed an ogre
  2619 | D:3      | Reached skill level 5 in Spellcasting
  2712 | D:3      | Reached XP level 6. HP: 32/32 MP: 7/16
  2865 | D:4      | Noticed Duvessa
  2865 | D:4      | Noticed Dowan
  2922 | D:4      | Reached skill level 6 in Conjurations
  3163 | D:4      | Noticed Natasha
  3225 | D:4      | Killed Natasha
  3349 | D:4      | Killed Duvessa
  3350 | D:4      | Reached skill level 6 in Spellcasting
  3375 | D:4      | Killed Dowan
  3376 | D:4      | Reached XP level 7. HP: 36/36 MP: 6/18
  3581 | D:4      | Noticed Natasha
  3584 | D:4      | Killed Natasha
  3807 | D:4      | Found a blossoming altar of Fedhas.
  3811 | D:4      | Noticed Natasha
  3815 | D:4      | Killed Natasha
  3851 | D:4      | Found a radiant altar of Vehumet.
  3869 | D:4      | Became a worshipper of Vehumet
  3935 | D:4      | Reached skill level 7 in Spellcasting
  3935 | D:4      | Reached skill level 6 in Hexes
  4076 | D:4      | Found a shadowy altar of Dithmenos.
  4248 | D:4      | Learned a level 4 spell: Fulminant Prism
  4253 | D:4      | Learned a level 4 spell: Iskenderun's Mystic Blast
  4423 | D:4      | Reached XP level 8. HP: 41/41 MP: 14/21
  4471 | D:4      | Found a sacrificial altar of Ru.
  4591 | D:4      | Identified the +4 leather armour "Siraped" {*Corrode rPois
                  | Will++ Int+3}
  4673 | D:5      | Entered Level 5 of the Dungeon
  4688 | D:4      | Reached skill level 8 in Spellcasting
  4826 | D:5      | Reached * piety under Vehumet
  4826 | D:5      | Offered knowledge of Freeze by Vehumet.
  5251 | D:5      | Reached skill level 9 in Spellcasting
  5466 | D:5      | Found a staircase to the Ecumenical Temple.
  5855 | D:6      | Reached XP level 9. HP: 18/45 MP: 17/24
  6094 | D:6      | Reached skill level 9 in Hexes
  6161 | D:6      | Reached skill level 9 in Conjurations
  6337 | D:6      | Identified the +4 ring mail "Vixtyexe" {Will+ Dex+2 Slay+3}
  6341 | D:6      | Noticed TransRights's ghost (novice MiBe)
  6349 | D:6      | Reached skill level 10 in Spellcasting
  6379 | D:6      | Found a transporter.
  6535 | D:6      | Found a transporter.
  6851 | D:7      | Reached ** piety under Vehumet
  6851 | D:7      | Offered knowledge of Foxfire by Vehumet.
  6852 | D:7      | Reached skill level 11 in Spellcasting
  6964 | D:7      | Found a white marble altar of Elyvilon.
  6973 | D:7      | Noticed Jeremiah
  6986 | D:7      | Killed Jeremiah
  7599 | D:7      | Found a snail-covered altar of Cheibriados.
  7643 | D:7      | Noticed an unseen horror
  7652 | D:7      | Killed an unseen horror
  7652 | D:7      | Noticed a troll
  7653 | D:7      | Reached skill level 12 in Spellcasting
  7668 | D:7      | Killed a troll
  8154 | D:8      | Reached XP level 10. HP: 50/50 MP: 18/28
  8222 | D:8      | Found a burning altar of Makhleb.
  8275 | D:8      | Offered knowledge of Volatile Blastmotes by Vehumet.
  8366 | D:8      | Found a sparkling altar of Nemelex Xobeh.
  8584 | D:8      | Noticed a two-headed ogre
  8592 | D:8      | Reached *** piety under Vehumet
  8601 | D:8      | Killed a two-headed ogre
  8602 | D:8      | Reached skill level 13 in Spellcasting
  9445 | D:9      | Reached skill level 12 in Conjurations
  9482 | D:9      | Reached skill level 1 in Translocations
  9639 | D:9      | Offered knowledge of Dazzling Flash by Vehumet.
  9640 | D:9      | Reached skill level 3 in Dodging
  9640 | D:9      | Reached skill level 3 in Stealth
  9678 | D:9      | Noticed Gastronok
  9728 | D:9      | Killed Gastronok
  9729 | D:9      | Reached skill level 1 in Fighting
  9879 | D:9      | Found a staircase to the Lair.
 10263 | D:9      | Reached XP level 11. HP: 57/57 MP: 27/30
 10634 | D:9      | Reached skill level 3 in Translocations
 10731 | D:10     | Entered Level 10 of the Dungeon
 10798 | D:10     | Identified the +9 war axe of the Burning Fool {flame,
                  | Int+4}
 10994 | D:10     | Found a staircase to the Orcish Mines.
 11115 | D:10     | Noticed Urug
 11144 | D:10     | Killed Urug
 11161 | D:10     | Reached **** piety under Vehumet
 11324 | D:10     | Found a broken altar of Ashenzari.
 11329 | D:10     | Found a runed translucent gate.
 11329 | D:10     | Found a runed translucent gate.
 11329 | D:10     | Found a runed translucent gate.
 11332 | D:10     | Noticed Sirjeffry24's ghost (novice DrSh)
 11382 | D:10     | Offered knowledge of Lee's Rapid Deconstruction by Vehumet.
 11389 | D:10     | Learned a level 5 spell: Lee's Rapid Deconstruction
 11858 | D:10     | Reached skill level 3 in Fighting
 12057 | D:11     | Reached skill level 14 in Spellcasting
 12435 | D:11     | Reached skill level 6 in Dodging
 13033 | D:12     | Noticed a boulder beetle
 13192 | Lair:1   | Entered Level 1 of the Lair of Beasts
 13304 | Lair:1   | Reached skill level 1 in Earth Magic
 13574 | Lair:1   | Noticed a catoblepas
 13608 | Lair:1   | Reached XP level 12. HP: 66/66 MP: 25/32
 13708 | Lair:1   | Identified the +1 short sword "Weakaodgh" {drain, rF+
                  | Dex+2}
 13763 | Lair:1   | Reached ***** piety under Vehumet
 13828 | Lair:1   | Killed a catoblepas
 13829 | Lair:1   | Reached skill level 3 in Earth Magic
 13924 | Lair:1   | Offered knowledge of Airstrike by Vehumet.
 13925 | Lair:1   | Reached skill level 15 in Spellcasting
 13930 | Lair:1   | Learned a level 4 spell: Airstrike
 14032 | Lair:1   | Noticed a death yak
 14038 | Lair:1   | Noticed Amaemon
 14057 | Lair:1   | Killed a death yak
 14073 | Lair:1   | Killed Amaemon
 14074 | Lair:1   | Reached skill level 1 in Air Magic
 14209 | Lair:1   | Reached skill level 3 in Air Magic
 14613 | Lair:1   | Noticed Nergalle
 14616 | Lair:1   | Killed Nergalle
 15551 | Lair:2   | Noticed an eight-headed hydra
 15565 | Lair:2   | Killed an eight-headed hydra
 15890 | Lair:2   | Reached skill level 9 in Dodging
 16417 | Lair:2   | Reached XP level 13. HP: 70/70 MP: 5/34
 16758 | Lair:2   | Reached skill level 16 in Spellcasting
 17177 | Lair:2   | Found a staircase to the Swamp.
 18394 | Lair:3   | Reached skill level 15 in Conjurations
 18693 | Lair:3   | Found a hole to the Spider Nest.
 18905 | Lair:4   | Noticed Nessos
 18909 | Lair:4   | Killed Nessos
 20235 | Lair:5   | Entered Level 5 of the Lair of Beasts
 20253 | Lair:5   | Reached skill level 17 in Spellcasting
 20420 | Lair:5   | Reached skill level 18 in Spellcasting
 20581 | Lair:5   | Reached XP level 14. HP: 76/76 MP: 29/38
 20828 | Lair:5   | Found a staircase to the Slime Pits.
 20838 | Lair:5   | Found a viscous altar of Jiyva.
 20995 | Lair:5   | Offered knowledge of Spellforged Servitor by Vehumet.
 20996 | Lair:5   | Reached skill level 19 in Spellcasting
 21049 | Lair:4   | Learned a level 7 spell: Spellforged Servitor
 21820 | Lair:5   | Reached skill level 20 in Spellcasting
 22086 | Lair:5   | Reached skill level 1 in Summonings
 22641 | Lair:5   | Identified the ring "Todwugaesch" {rCorr EV+5 Dex+3}
 22943 | Orc:1    | Entered Level 1 of the Orcish Mines
 23025 | Orc:1    | Reached skill level 3 in Summonings
 23432 | Orc:1    | Found a runed translucent door.
 23432 | Orc:1    | Found a shimmering altar of Xom.
 23432 | Orc:1    | Noticed runemasterragnar's ghost (journeyman DsAl)
 23590 | Orc:2    | Entered Level 2 of the Orcish Mines
 23602 | Orc:2    | Noticed an orc warlord
 23617 | Orc:2    | Reached ****** piety under Vehumet
 23617 | Orc:2    | Offered knowledge of Fireball by Vehumet.
 23619 | Orc:2    | Killed an orc warlord
 23627 | Orc:2    | Learned a level 5 spell: Fireball
 23634 | Orc:2    | Reached skill level 1 in Fire Magic
 23647 | Orc:2    | Reached skill level 3 in Fire Magic
 24099 | Orc:2    | Reached skill level 6 in Summonings
 24592 | Orc:2    | Found a staircase to the Elven Halls.
 24633 | Orc:2    | Found Timentidgh's Distillery.
 24637 | Orc:2    | Found Jishoeso's Book Shoppe.
 24638 | Orc:2    | Found Noxtacle's Antique Weapon Emporium.
 24639 | Orc:2    | Found Toupufag's Distillery.
 24736 | Orc:2    | Bought a book of the Moon for 560 gold pieces
 24745 | Orc:2    | Learned a level 8 spell: Lehudib's Crystal Spear
 24771 | Orc:1    | Noticed Fannar
 24778 | Orc:1    | Reached XP level 15. HP: 80/80 MP: 17/41
 24778 | Orc:1    | Killed Fannar
 24779 | Orc:1    | Reached skill level 21 in Spellcasting
 24781 | Orc:1    | You fall into a shaft and drop 1 floor!
 25533 | Orc:2    | Bought a book of Ice for 700 gold pieces
 25533 | Orc:2    | Bought Maxwell's Memoranda for 560 gold pieces
 25840 | D:12     | Reached skill level 6 in Earth Magic
 25843 | D:12     | Reached skill level 1 in Ice Magic
 26159 | D:12     | Offered knowledge of Bombard by Vehumet.
 26677 | D:13     | Reached skill level 3 in Ice Magic
 26868 | D:13     | Found a gate to the Vaults.
 26925 | D:13     | Reached skill level 6 in Ice Magic
 27771 | D:14     | Noticed a fire giant
 27781 | D:14     | Killed a fire giant
 27806 | D:14     | Shot with a bolt by a yaktaur captain

Illustrated notes

Levels and vault maps discovered:
D:1:      arrival_aquarium_a, layout_basic, serial_shops,
          nicolae_shop_scrapyard, shapermc_ecumenical_altar_mp_ritualfount
D:2:      layout_rooms, minmay_misc_feat_rows, grunt_ministairs_3
D:3:      cheibrodos_fertilizer, layout_basic, grunt_qazlal_clouds,
          mainiacjoe_overflow_catwalk_spiral, portal_sewer_entry_e,
          kennysheep_generic_room_3
D:4:      layout_gridville, mainiacjoe_overflow_paths,
          nicolae_ru_great_annihilating_truth, mainiacjoe_overflow_big_doors,
          lightli_minifort, uniq_natasha, uniq_duvessa
D:5:      layout_rooms, minmay_temple_entry_steel_oval, serial_rivers,
          chequers_serial_rivers_small_a, chequers_serial_rivers_micro_c,
          chequers_serial_rivers_micro_e, chequers_serial_rivers_room_a,
          saegor_snake_ambush
D:6:      layout_loops_ring, gammafunk_ghost_gnarly_gnolls
D:7:      layout_loops_cross, lemuel_tele_altar, amcnicky_altar_gilded,
          hangedman_decor_push, minmay_misc_feat_tiny, minmay_small_thing,
          uniq_jeremiah
D:8:      layout_basic, nemelex_altar_shiori, lemuel_crystal_altar, st_stairs_4
D:9:      layout_loops_ring, erik_lair_island, uniq_gastronok
D:10:     minmay_inner_zag, layout_irregular_city,
          mainiacjoe_overflow_concentric_impassable, orc_0_dummy,
          gammafunk_ghost_necromancy, uniq_urug
D:11:     layout_cave_pools
D:12:     layout_roguey [special_room_orc]
D:13:     layout_loops_ring, grunt_vaults_entry_fortified, special_room
          [special_room_bee]
D:14:     minmay_glassy_protrusions, layout_irregular_city, fedhas_altar_4
Lair:1:   layout_long_grid, uniq_nergalle, uniq_amaemon
Lair:2:   kb_forest_paths, layout_small_grid, palyth_hydra_swamp_entry
Lair:3:   layout_regular_city, nicolae_spider_entry_tight_spaces
Lair:4:   layout_regular_city, uniq_nessos
Lair:5:   minmay_lair_end_enchanted_forest, layout_cave_pods,
          minmay_slime_entry_jelly_boxes, st_stairs_7, columned_hall_lemuel,
          lemuel_fruit_fields, lemuel_fruit_tree
Orc:1:    layout_diamond_mine, ebering_ghost_xom, uniq_fannar
Orc:2:    st_orc_open, layout_diamond_mine

Skill      XL: |  1  2  3  4  5  6  7  8  9 10 11 12 13 14 15 |
---------------+----------------------------------------------+-----
Hexes          | 1 2 3 4 5 6 8 9 |  9.0
Spellcasting   | 4 5 6 7 9 12 13 14 15 18 20 21 | 21.0
Conjurations   | 5 6 7 8 10 12 13 14 16 | 16.0
Translocations | 2 4 |  4.0
Dodging        | 4 7 9 10 | 10.0
Stealth        | 3 |  3.0
Fighting       | 2 4 |  4.0
Earth Magic    | 2 5 7 |  7.0
Air Magic      | 5 |  5.0
Summonings     | 7 8 |  8.0
Fire Magic     | 5 |  5.0
Ice Magic      | 7 |  7.9

Action                     |  1- 3 |  4- 6 |  7- 9 | 10-12 | 13-15 || total
---------------------------+-------+-------+-------+-------+-------++-------
  Melee: War axe           |       |     3 |       |     7 |     3 ||    13
         Punch             |       |       |       |     2 |       ||     2
   Cast: Magic Dart        |    77 |    80 |   117 |       |       ||   274
         Searing Ray       |       |    11 |    34 |     1 |     1 ||    47
         Fulminant Prism   |       |       |    34 |   187 |   151 ||   372
         Iskenderun's Myst |       |       |    11 |    73 |    87 ||   171
         Lee's Rapid Decon |       |       |       |     4 |    11 ||    15
         Airstrike         |       |       |       |    14 |    90 ||   104
         Spellforged Servi |       |       |       |       |    53 ||    53
         Fireball          |       |       |       |       |    20 ||    20
  Evoke: Wand              |       |       |     1 |     6 |     2 ||     9
    Use: Scroll            |       |       |    13 |    10 |     4 ||    27
         Potion            |       |       |       |     2 |     1 ||     3
 Armour: Robe              |     1 |     7 |     3 |       |       ||    11
         Leather armour    |       |       |    27 |    54 |    78 ||   159
  Dodge: Dodged            |     4 |    16 |    14 |    43 |    84 ||   161
  Block: Other             |       |     3 |     8 |    13 |    25 ||    49
         Reflection        |       |     1 |       |     2 |     7 ||    10

Table legend: (Time is in decaauts)
 A = Elapsed time spent in this place.
 B = Non-inter-level travel time spent in this place.
 C = Inter-level travel time spent in this place.
 D = Time resting spent in this place.
 E = Time spent auto-exploring this place.
 F = Levels seen in this place.
 G = Mean time per level.
                   A        B        C        D        E       F      G
               +--------+--------+--------+--------+--------+-----+--------+
         Total |  27864 |  26510 |   1354 |   6885 |  13722 |  21 | 1326.9 |
       Dungeon |  16141 |  15253 |    888 |   2976 |   9293 |  14 | 1152.9 |
          Lair |   9593 |   9303 |    290 |   3082 |   3799 |   5 | 1918.6 |
  Orcish Mines |   2129 |   1954 |    175 |    827 |    630 |   2 | 1064.5 |
               +--------+--------+--------+--------+--------+-----+--------+

Top non-repeatable levels by time:
  Lair:2: 2577 daAuts
  Lair:5: 2130 daAuts
     D:4: 1982 daAuts
    D:10: 1850 daAuts
  Lair:1: 1710 daAuts
  Lair:3: 1631 daAuts
  Lair:4: 1543 daAuts
     D:7: 1481 daAuts
     D:9: 1462 daAuts
    D:13: 1422 daAuts
     D:8: 1391 daAuts
     D:3: 1380 daAuts
    D:12: 1078 daAuts
   Orc:1: 1077 daAuts
   Orc:2: 1052 daAuts
